 Dungeon Crawl Stone Soup version 0.29.0-4-gdea44cf6ec (webtiles) character file.

Game seed: 16246414597578225948

36 RascalDebosk the Chopper (level 3, -1/49 HPs)
             Began as a Minotaur Berserker on Aug 26, 2022.
             Was a Believer of Trog.
             Slain by a gnoll
             ... wielding a +0 whip
              (3 damage)
             ... on level 2 of the Dungeon.
             The game lasted 00:05:36 (1129 turns).

RascalDebosk the Chopper (Minotaur Berserker)       Turns: 1129, Time: 00:05:37

Health: -1/49      AC:  2    Str: 23    XL:     3   Next: 19%
Magic:  2/2        EV: 12    Int:  4    God:    Trog [**....]
Gold:   119        SH:  0    Dex:  9    Spells: 2/2 levels left

rFire   . . .      SeeInvis .   a - +0 hand axe
rCold   . . .      Faith    .   (no shield)
rNeg    . . .      Spirit   .   d - +0 robe
rPois   .          Reflect  .   (helmet restricted)
rElec   .          Harm     .   (no cloak)
rCorr   .          Rampage  .   (no gloves)
Will    .....                   (no boots)
Stlth   ..........              (no amulet)
HPRegen 0.16/turn               (no ring)
MPRegen 0.08/turn               (no ring)

@: berserking, very quick
A: horns 2, retaliatory headbutt
a: Renounce Religion, Berserk, Trog's Hand


You were on level 2 of the Dungeon.
You worshipped Trog.
Trog was pleased with you.
You visited 1 branch of the dungeon, and saw 2 of its levels.

You collected 119 gold pieces.

Inventory:

Hand Weapons
 a - a +0 hand axe (weapon)
Missiles
 c - 13 stones (quivered)
 f - 3 curare-tipped darts
Armour
 d - a +0 robe (worn)
Scrolls
 b - 2 scrolls of enchant armour {unknown}
 e - a scroll of identify {unknown}
 h - a scroll of teleportation {unknown}
 j - 2 scrolls of enchant weapon {unknown}
Potions
 g - 2 potions of curing {unknown}
 i - a potion of attraction {unknown}


   Skills:
 + Level 4.0 Fighting
 + Level 4.1 Axes
 + Level 3.1 Armour
 + Level 2.7 Dodging


You had 2 spell levels left.
You didn't know any spells.
Your spell library was empty.

Dungeon Overview and Level Annotations

Branches:
Dungeon (2/15)

Altars:


Innate Abilities, Weirdness & Mutations

You have a pair of horns on your head.
You reflexively headbutt those who attack you in melee.


Message History

You slash the goblin!
You kill the goblin!
Trog accepts your kill.
You see here a +0 club.
Found 2 fuming grey potions.
You now have 107 gold pieces (gained 13).
You see here a +0 club.
An endoplasm comes into view.
The endoplasm hits you.
You see here 12 gold pieces.
You slash the endoplasm!
You kill the endoplasm!
Trog accepts your kill.
You now have 119 gold pieces (gained 12).
You see here a +0 club.
A gnoll comes into view. It is wielding a +1 spear of flaming.
You see here 2 fuming grey potions. 2 gnolls come into view.
Found a scroll labelled VANESY NOCOMU.
A gnoll comes into view. It is wielding a +0 flail.
The gnoll shouts!
The gnoll hits you from afar with a +1 spear of flaming.
The gnoll burns you.
Found 6 stones.
Found a stone staircase leading down.
The gnoll hits you with a +1 spear of flaming.
The gnoll burns you. The gnoll barely misses you.
The gnoll hits you with a +0 club!
* * * LOW HITPOINT WARNING * * *
You hit the gnoll. You headbutt the gnoll.
The gnoll is heavily wounded.
You hit the gnoll but do no damage. You hit the gnoll.
The gnoll hits you with a +1 spear of flaming.
* * * LOW HITPOINT WARNING * * *
The gnoll burns you.
* * * LOW HITPOINT WARNING * * *
The gnoll closely misses you. x2
A red film seems to cover your vision as you go berserk!
You feel yourself moving faster!
You feel mighty! The gnoll barely misses you.
The gnoll hits you with a +0 whip.
You die...

#.##...........#
.#
#.###.##########
# #.###.#
#.#...##########
#....)........!#
#.#.##########.#
###.#.# #.#
....#.# #.#
##..#.# #@#
#..#[.
....>.ggg..(...
#..###
#####.g..###..#
#... .......
##.## ......?.#
..# ######....
### ###... ####


You could see 4 gnolls.

Vanquished Creatures
  A dart slug (D:1)
  2 bats (D:1)
  2 endoplasms (D:2)
  6 goblins
  4 hobgoblins
  4 jackals (D:1)
  2 kobolds (D:1)
  A quokka (D:2)
  2 ball pythons
  3 frilled lizards (D:1)
  3 rats
30 creatures vanquished.

Notes
Turn   | Place    | Note
-------+----------+-------------------------------------------
     0 | D:1      | RascalDebosk the Minotaur Berserker began the quest for the
                  | Orb.
     0 | D:1      | Reached XP level 1. HP: 19/19 MP: 0/0
   299 | D:1      | Reached XP level 2. HP: 24/27 MP: 1/1
   688 | D:1      | Reached ** piety under Trog
   899 | D:2      | Reached XP level 3. HP: 31/33 MP: 2/2
  1128 | D:2      | HP: 1/33 [gnoll/+1 spear of flaming (1)]
  1129 | D:2      | Slain by a gnoll

Illustrated notes

Levels and vault maps discovered:
D:1:      lemuel_arrival_behind_the_door_small, layout_loops_ring,
          minmay_tetromino_t4
D:2:      layout_loops_ring, uniq_terence

Skill      XL: |  1  2 |
---------------+-------+-----
Axes           | 4 |  4.1
Fighting       | 4 |  4.0
Armour         | 3 |  3.1
Dodging        | |  2.7

Action                   || total
-------------------------++-------
Melee: Hand axe          ||    52
       Headbutt          ||     6
Throw: Stone             ||     7
Invok: Berserk           ||     1
Armor: Animal skin       ||     1
       Robe              ||     7
Dodge: Dodged            ||    41
